 Dungeon Crawl Stone Soup version 0.30-a0-49-g1cef19eb02 (webtiles) character file.

Game seed: 8931538843628001900

1256 LnG the Cleaver (level 8, -7/71 HPs)
             Began as a Hill Orc Fighter on Sept 2, 2022.
             Mangled by Duvessa
             ... wielding a +0 short sword
              (9 damage)
             ... on level 5 of the Dungeon.
             The game lasted 00:12:35 (6583 turns).

LnG the Cleaver (Hill Orc Fighter)                  Turns: 6583, Time: 00:12:35

Health: -7/71      AC:  8    Str: 21    XL:     8   Next: 51%
Magic:  8/8        EV: 10    Int:  8    God:
Gold:   163        SH:  5    Dex: 10    Spells: 7/7 levels left

rFire   . . .      SeeInvis .    a - +0 war axe
rCold   . . .      Faith    .    c - +1 buckler
rNeg    . . .      Spirit   .    b - +0 scale mail
rPois   .          Reflect  .    (no helmet)
rElec   .          Harm     .    i - +0 cloak
rCorr   .          Rampage  .    (no gloves)
Will    .....                    (no boots)
Stlth   ..........               (no amulet)
HPRegen 0.21/turn                (no ring)
MPRegen 0.11/turn                (no ring)

@: no status effects
A: no striking features
a: no special abilities


You were on level 5 of the Dungeon.
You visited 1 branch of the dungeon, and saw 5 of its levels.

You collected 163 gold pieces.

Inventory:

Hand Weapons
 a - a +0 war axe (weapon)
Armour
 b - a +0 scale mail (worn)
 c - a +1 buckler (worn)
 i - a +0 cloak (worn)
Jewellery
 e - an amulet of faith
 o - a ring of poison resistance
 t - a ring of fire
Wands
 n - a wand of paralysis (9)
Scrolls
 f - 2 scrolls of teleportation
 h - a scroll of magic mapping
 l - a scroll of vulnerability
 q - a scroll of amnesia {unknown}
 r - a scroll of enchant weapon {unknown}
 v - a scroll of blinking {unknown}
Potions
 d - 3 potions of might
 g - a potion of resistance {unknown}
 j - a potion of brilliance {unknown}
 k - 4 potions of lignification {unknown}
 m - 2 potions of curing {unknown}
 p - a potion of heal wounds {unknown}
 s - a potion of ambrosia {unknown}
 u - 2 potions of degeneration {unknown}


   Skills:
 + Level 6.6 Fighting
 + Level 9.0 Axes
 + Level 6.1 Armour
 + Level 2.0 Dodging
 + Level 0.4 Stealth
 + Level 4.0 Shields


You had 7 spell levels left.
You didn't know any spells.
Your spell library contained the following spells:

 Spells                   Type           Power      Damage    Failure   Level
 Summon Lightning Spire   Summ/Air       0%         N/A       100%        4
 Storm Form               Tmut/Air       0%         N/A       100%        7
 Maxwell's Capacitive Co  Air            0%         ∞         100%        8


Dungeon Overview and Level Annotations

Branches:
Dungeon (5/15)
 Temple: D:4-7

Altars:
Cheibriados
Elyvilon
Sif Muna

Annotations:
D:4 3 runed translucent doors, Newt's ghost, amateur DsGl
D:5 Duvessa


Message History

Duvessa barely misses you. Duvessa hits you with a +0 short sword!
You hit Duvessa but do no damage. Duvessa hits you with a +0 short sword!
You slice Duvessa!!
Duvessa is moderately wounded.
You block Duvessa's attack. Duvessa hits you but does no damage.
You slash Duvessa!
Duvessa is heavily wounded.
Duvessa hits you with a +0 short sword.
You hit Duvessa.
Duvessa is heavily wounded.
Duvessa barely misses you. You block Duvessa's attack.
You closely miss Duvessa.
Duvessa is heavily wounded.
Duvessa hits you with a +0 short sword.
You hit Duvessa.
Duvessa is heavily wounded.
You block Duvessa's attack. Duvessa misses you.
You closely miss Duvessa.
Duvessa is heavily wounded.
Duvessa hits you with a +0 short sword! x2
You are too injured to fight recklessly!
You hit Duvessa but do no damage.
Duvessa is heavily wounded.
Duvessa hits you with a +0 short sword!
* * * LOW HITPOINT WARNING * * *
Duvessa hits you but does no damage.
You closely miss Duvessa.
Duvessa is heavily wounded.
You block Duvessa's attack.
You slash Duvessa!
Duvessa is severely wounded.
Duvessa barely misses you. You block Duvessa's attack.
You hit Duvessa.
Duvessa is almost dead.
Duvessa barely misses you. Duvessa hits you with a +0 short sword!
* * * LOW HITPOINT WARNING * * *
You barely miss Duvessa.
Duvessa is almost dead.
Duvessa hits you with a +0 short sword!
You die...

###.................
#...............>..
##..................
###...................
###.....)...............
##.......[<..............
#.........).............#
#........................
#...##..@#...............
####...e.##...........#.#
#......#....#^....####
#...........##...#.# #
#...........# #.
#..........## #..
##........## ##.
....##....


You could see Duvessa (berserk).

Vanquished Creatures
  Sigmund (D:3)
  Edmund (D:4)
  An ogre (D:4)
  A centaur (D:5)
  2 necrophages
  4 wights
  Dowan (D:5)
  4 orc priests
  Natasha (thrice) (D:3)
  An iguana (D:5)
  3 orc wizards
  2 adders
  An ufetubus (D:4)
  3 worms
  A dart slug (D:3)
  18 orcs
  5 bats
  6 endoplasms
  6 giant cockroaches
  6 goblins
  9 hobgoblins
  9 jackals
  6 kobolds
  2 quokkas
  7 ball pythons
  2 frilled lizards
  7 rats
112 creatures vanquished.

Notes
Turn   | Place    | Note
-------+----------+-------------------------------------------
     0 | D:1      | LnG the Hill Orc Fighter began the quest for the Orb.
     0 | D:1      | Reached XP level 1. HP: 19/19 MP: 1/1
   132 | D:1      | Found a faded altar of an unknown god.
   140 | D:1      | Reached skill level 3 in Axes
   140 | D:1      | Reached XP level 2. HP: 21/27 MP: 2/2
   521 | D:1      | HP: 1/27 [worm (7)]
   523 | D:1      | Reached XP level 3. HP: 2/33 MP: 3/3
  1662 | D:2      | Reached skill level 4 in Axes
  2118 | D:3      | Reached XP level 4. HP: 40/40 MP: 4/4
  2265 | D:3      | Noticed Natasha
  2280 | D:3      | Killed Natasha
  2548 | D:3      | Noticed Sigmund
  2571 | D:3      | Killed Sigmund
  2572 | D:3      | Reached skill level 5 in Axes
  2572 | D:3      | Reached XP level 5. HP: 20/47 MP: 5/5
  2572 | D:3      | Reached XP level 6. HP: 22/53 MP: 6/6
  2818 | D:3      | Reached skill level 5 in Armour
  2988 | D:3      | Noticed Natasha
  2993 | D:3      | Killed Natasha
  2994 | D:3      | Reached skill level 1 in Dodging
  3389 | D:3      | Noticed Natasha
  3395 | D:3      | Killed Natasha
  3396 | D:3      | Reached skill level 6 in Axes
  4007 | D:4      | Found a snail-covered altar of Cheibriados.
  4088 | D:4      | Found a white marble altar of Elyvilon.
  4146 | D:4      | Reached XP level 7. HP: 51/60 MP: 7/7
  4437 | D:4      | Found a runed translucent gate.
  4437 | D:4      | Found a runed translucent gate.
  4437 | D:4      | Found a runed translucent gate.
  4439 | D:4      | Noticed Newt's ghost (amateur DsGl)
  4462 | D:5      | Entered Level 5 of the Dungeon
  4462 | D:5      | Noticed Edmund
  4483 | D:4      | Killed Edmund
  4484 | D:4      | Reached skill level 5 in Fighting
  4484 | D:4      | Reached skill level 7 in Axes
  5128 | D:4      | Reached skill level 8 in Axes
  5128 | D:4      | Reached XP level 8. HP: 12/63 MP: 8/8
  5553 | D:4      | Found a shimmering blue altar of Sif Muna.
  6521 | D:5      | Noticed Dowan
  6568 | D:5      | Killed Dowan
  6568 | D:5      | Noticed Duvessa
  6569 | D:5      | Reached skill level 9 in Axes
  6582 | D:5      | HP: 2/71 [Duvessa/+0 short sword (13)]
  6583 | D:5      | Mangled by Duvessa

Illustrated notes

Levels and vault maps discovered:
D:1:      dpeg_arrival_boxorama, layout_rooms,
          ebering_ecumenical_altar_abandoned, nicolae_wormholes
D:2:      layout_loops_cross, corner_web_ring
D:3:      layout_loops_corners, chequers_serial_rivers_micro_c, uniq_natasha,
          uniq_sigmund
D:4:      layout_loops_ring, cheibriados_altar_1,
          mainiacjoe_overflow_small_starburst, elyvilon_altar_3,
          gammafunk_ghost_nasty_kobolds
D:5:      layout_cave_pools, okawaru_altar_gauntlet_db,
          makhleb_blood_cavern_becter, chequers_decorated_corner, uniq_edmund,
          uniq_duvessa

Skill      XL: |  1  2  3  4  5  6  7  8 |
---------------+-------------------------+-----
Axes           | 3 4 5 6 8 9 |  9.0
Fighting       | 4 5 6 |  6.6
Armour         | 4 5 6 |  6.1
Dodging        | 1 2 |  2.0
Shields        | 4 |  4.0
Stealth        | |  0.4

Action                   |  1- 3 |  4- 6 |  7- 9 || total
-------------------------+-------+-------+-------++-------
Melee: War axe           |   116 |    97 |   167 ||   380
  Use: Scroll            |     6 |       |       ||     6
       Potion            |       |     2 |       ||     2
Armor: Scale mail        |    61 |    38 |    54 ||   153
Dodge: Dodged            |    54 |    37 |    74 ||   165
Block: Buckler           |    28 |    20 |    43 ||    91

Table legend: (Time is in decaauts)
 A = Elapsed time spent in this place.
 B = Non-inter-level travel time spent in this place.
 C = Inter-level travel time spent in this place.
 D = Time resting spent in this place.
 E = Time spent auto-exploring this place.
 F = Levels seen in this place.
 G = Mean time per level.
                   A        B        C        D        E       F      G
               +--------+--------+--------+--------+--------+-----+--------+
         Total |   6675 |   6388 |    287 |   2653 |   2103 |   5 | 1335.0 |
       Dungeon |   6675 |   6388 |    287 |   2653 |   2103 |   5 | 1335.0 |
               +--------+--------+--------+--------+--------+-----+--------+

Top non-repeatable levels by time:
     D:3: 1931 daAuts
     D:4: 1827 daAuts
     D:1: 1054 daAuts
     D:2: 979 daAuts
     D:5: 883 daAuts
